 Dungeon Crawl Stone Soup version 0.30.0-5-g1a98f26d00 (webtiles) character file.

Game seed: 15508725821204728221

86 cheesebisquit the Trooper (level 4, 0/41 HPs)
             Began as a Draconian Fire Elementalist on May 9, 2023.
             Slain by an orc wizard
             ... wielding a +0 dagger
              (2 damage)
             ... on level 3 of the Dungeon.
             The game lasted 00:04:32 (2100 turns).

cheesebisquit the Trooper (DrFE)                    Turns: 2100, Time: 00:04:32

Health: 0/41       AC:  5    Str: 10    XL:     4   Next: 26%
Magic:  6/7        EV: 12    Int: 17    God:
Gold:   77         SH:  0    Dex: 12    Spells: 6/7 levels left

rFire   . . .        f - +0 morningstar
rCold   . . .        (no shield)
rNeg    . . .        (body armour unavailable)
rPois   .            (helmet restricted)
rElec   .            (no cloak)
rCorr   .            (no gloves)
SInv    .            (no boots)
Will    .....        (no amulet)
Stlth   ++           (no ring)
HPRegen 0.26/turn    (no ring)
MPRegen 0.10/turn

%: no passive effects
@: no status effects
A: AC +5, unfitting armour, cold-blooded
a: no special abilities


You were on level 3 of the Dungeon.
You visited 1 branch of the dungeon, and saw 3 of its levels.

You collected 77 gold pieces.

Inventory:

Hand Weapons
 f - a +0 morningstar (weapon)
Jewellery
 k - an amulet of faith
Scrolls
 c - a scroll of teleportation {unknown}
 d - 4 scrolls of identify {unknown}
 e - a scroll of vulnerability {unknown}
 g - a scroll of enchant weapon {unknown}
 i - a scroll of fear {unknown}
 j - a scroll of poison {unknown}
 l - a scroll of silence {unknown}
Potions
 b - a potion of heal wounds {unknown}
 h - a potion of attraction {unknown}


   Skills:
 + Level 4.3 Fighting
 - Level 1.7 Dodging
 - Level 1.7 Stealth
 - Level 2.0 Spellcasting
 - Level 1.0 Conjurations
 - Level 3.0 Fire Magic


You had 6 spell levels left.
You knew the following spells:

 Your Spells              Type           Power      Damage    Failure   Level
a - Foxfire               Conj/Fire      32%        2x1d5     9%          1

Your spell library contained the following spells:

 Spells                   Type           Power      Damage    Failure   Level
 Scorch                   Fire           22%        2d5       9%          2
 Sandblast                Erth           2%         2d4       19%         1
 Lesser Beckoning         Tloc           2%         N/A       28%         2
 Passwall                 Tmut/Erth      0%         N/A       28%         2
 Inner Flame              Hex/Fire       6%         N/A       30%         3
 Volatile Blastmotes      Fire/Tloc      12%        2d11      30%         3
 Dazzling Flash           Conj/Hex       6%         N/A       43%         3
 Stone Arrow              Conj/Erth      6%         3d7       43%         3
 Gell's Gravitas          Tloc           1%         N/A       50%         3
 Teleport Other           Tloc           1%         N/A       50%         3
 Flame Wave               Conj/Fire      8%         2d5       63%         4
 Iskenderun's Mystic Bla  Conj/Tloc      3%         2d3       83%         4
 Starburst                Conj/Fire      4%         6d3       100%        6


Dungeon Overview and Level Annotations

Branches:
Dungeon (3/15)

Altars:


Innate Abilities, Weirdness & Mutations

Your plain brown scales are hard. (AC +5)
You cannot fit into any form of body armour.
You are cold-blooded and may be slowed by cold attacks.


Message History

Something hits you but does no damage.
You miss something.
You feel less confused. Something hits you.
Something hits you but does no damage.
You miss something. You tail-slap something. Something hits you.
You miss something. Something hits you. Something hits you but does no damage.
The iguana bites you.
You barely miss something. Something hits you but does no damage.
The iguana bites you but does no damage.
You closely miss something.
Your tail-slap misses something.
Something hits you. The iguana barely misses you.
The iguana closely misses you.
You hear some strange, mumbled words.
Something tries to affect you, but you resist.
Magic courses through your body. The worm misses you.
Something hits you but does no damage. The iguana closely misses you.
Casting: Foxfire (safe; 9% risk of failure)
Press: ? - help, Q - select action Dir - look around, f - activate You conjure some foxfire!
Something barely misses you. The iguana bites you!
You hit the iguana but do no damage.
The foxfire hits the worm.
The worm is lightly wounded.
The foxfire hits something but does no damage.
The worm bites you but does no damage. The iguana closely misses you.
Something hits you but does no damage.
Casting: Foxfire (safe; 9% risk of failure)
Press: ? - help, Q - select action Dir - look around, f - activate You conjure some foxfire!
Something hits you. The iguana misses you. The worm bites you!
* * * LOW HITPOINT WARNING * * *
You hit the iguana.
You tail-slap the iguana, but do no damage.
The iguana is moderately wounded.
The foxfire hits the iguana but does no damage.
The iguana is moderately wounded.
The foxfire hits something but does no damage.
The iguana bites you.
* * * LOW HITPOINT WARNING * * *
Something hits you.
You die...

..... ..... .
.#...## ## ..
....... .##...
......<###......
....))./.....#
.......w.....#..
......){@l......
.#..........)#..
................
.####......$.#..
..........# #
.#.........# #
..#######... .##
...


You could see a worm and an iguana.

Vanquished Creatures
  3 adders (D:2)
  3 worms (D:2)
  3 dart slugs
  4 orcs (D:3)
  3 ball pythons
  3 endoplasms
  2 giant cockroaches (D:1)
  2 goblins (D:1)
  4 hobgoblins
  2 quokkas (D:2)
  5 bats
  A kobold (D:2)
  2 rats (D:2)
37 creatures vanquished.

Vanquished Creatures (others)
  136 foxfires
136 creatures vanquished.

Grand Total: 173 creatures vanquished

Notes
Turn   | Place    | Note
-------+----------+-------------------------------------------
     0 | D:1      | cheesebisquit the Draconian Fire Elementalist began the
                  | quest for the Orb.
     0 | D:1      | Reached XP level 1. HP: 14/14 MP: 3/3
   134 | D:1      | Reached skill level 1 in Fighting
   338 | D:1      | Reached XP level 2. HP: 24/24 MP: 3/5
   371 | D:1      | Reached skill level 2 in Fighting
  1053 | D:2      | Identified the +2 short sword of Pain and Death {venom,
                  | rF+}
  1177 | D:2      | Reached skill level 3 in Fighting
  1177 | D:2      | Reached XP level 3. HP: 31/31 MP: 0/6
  1706 | D:2      | Reached skill level 4 in Fighting
  1706 | D:2      | Reached XP level 4. HP: 40/40 MP: 3/7
  2100 | D:3      | HP: 2/41 [iguana (6)]
  2100 | D:3      | Slain by an orc wizard

Illustrated notes

Levels and vault maps discovered:
D:1:      onia_arrival_mini_maze_b, layout_basic, amcnicky_mini_corridor_feature
D:2:      layout_basic, serial_glass, glass_columns_a, glass_columns_b
D:3:      layout_rooms, nicolae_ru_awakened_eye, mainiacjoe_overflow_catwalk,
          nicolae_overflow_crystal_walls, uniq_terence

Skill      XL: |  1  2  3 |
---------------+----------+-----
Fighting       | 1 3 4 |  4.3
Dodging        | |  1.7
Stealth        | |  1.7
Spellcasting   | |  2.0
Conjurations   | |  1.0
Fire Magic     | |  3.0

Action                     |  1- 3 |  4- 6 || total
---------------------------+-------+-------++-------
  Melee: Unarmed           |    17 |       ||    17
         Tailslap          |     3 |     3 ||     6
         Morningstar       |    10 |    16 ||    26
         Punch             |     1 |       ||     1
   Cast: Foxfire           |    60 |    14 ||    74
    Use: Potion            |       |     1 ||     1
 Armour: Skin              |    13 |    15 ||    28
  Dodge: Dodged            |    19 |    11 ||    30
